 Dungeon Crawl Stone Soup version 0.30-a0-43-gbbf338a72c (webtiles) character file.

Game seed: 6753243097260477149

5088 LnG the Cleaver (level 10, -3/88 HPs)
             Began as a Hill Orc Fighter on Aug 31, 2022.
             Was an Elder of Okawaru.
             Succumbed to Amaemon's poison
             ... on level 9 of the Dungeon.
             The game lasted 00:42:06 (12228 turns).

LnG the Cleaver (Hill Orc Fighter)                 Turns: 12228, Time: 00:42:07

Health: -3/88      AC: 21    Str: 24    XL:     10   Next: 57%
Magic:  10/10      EV: 10    Int:  8    God:    Okawaru [****..]
Gold:   174        SH:  5    Dex: 10    Spells: 9/9 levels left

rFire   . . .      SeeInvis .    a - +1 war axe
rCold   . . .      Faith    .    c - +0 buckler
rNeg    . . .      Spirit   .    H - +8 scale mail of a bazaar {Contam Harm Will++ Regen+}
rPois   .          Reflect  .    f - +0 helmet
rElec   .          Harm     +    (no cloak)
rCorr   .          Rampage  .    (no gloves)
Will    ++...                    s - +2 pair of boots
Stlth   ..........               D - amulet of regeneration
HPRegen 1.84/turn                r - ring of wizardry
MPRegen 0.12/turn                (no ring)

@: lethally poisoned (-3 -> -19), slowed, very slow
A: no striking features
a: Renounce Religion, Heroism, Finesse


You were on level 9 of the Dungeon.
You worshipped Okawaru.
Okawaru was greatly pleased with you.
You visited 2 branches of the dungeon, and saw 10 of its levels.

You collected 564 gold pieces.
You spent 390 gold pieces at shops.

Inventory:

Hand Weapons
 a - a +1 war axe (weapon)
 d - a +4 whip of pain
 p - a +1 flail of holy wrath
 A - a +5 dire flail of freezing
Armour
 c - a +0 buckler (worn)
 f - a +0 helmet (worn)
 s - a +2 pair of boots (worn)
 t - a +0 plate armour
 H - the +8 scale mail of a bazaar (worn) {Contam Harm Will++ Regen+}
   (You found it on level 8 of the Dungeon)

   Contam:    It causes magical contamination when unequipped.
   Regen:     It increases your rate of health regeneration.
   Harm:      It increases damage dealt and taken.
   Will:      It greatly increases your willpower.
Jewellery
 r - a ring of wizardry (left hand)
 y - the amulet of Xaalo {Acrobat rF+ rC+ Int+7 Dex-3}
   (You found it on level 6 of the Dungeon)

   [amulet of the acrobat]

   It increases your evasion while moving and waiting.
   Int:       It affects your intelligence (+7).
   Dex:       It affects your dexterity (-3).
   rF:        It protects you from fire.
   rC:        It protects you from cold.
 B - a ring of magical power
 D - an amulet of regeneration (around neck)
 N - a ring of resist corrosion
Wands
 h - a wand of digging (3)
 x - a wand of iceblast (5)
 C - a wand of flame (12)
Scrolls
 b - a scroll of amnesia
 e - 2 scrolls of summoning
 l - a scroll of vulnerability
 m - a scroll of fear
 u - 3 scrolls of blinking
 v - 2 scrolls of silence
 F - 3 scrolls of immolation
 G - a scroll of noise {unknown}
 I - a scroll of magic mapping {unknown}
Potions
 g - 4 potions of heal wounds
 i - 4 potions of curing
 j - 2 potions of haste
 k - a potion of berserk rage
 o - 2 potions of mutation
 q - a potion of lignification {unknown}
 w - 4 potions of brilliance
 z - a potion of magic {unknown}
 E - a potion of cancellation
 J - a potion of resistance {unknown}
 K - a potion of invisibility {unknown}
 L - a potion of attraction
 O - a potion of flight {unknown}


   Skills:
 + Level 8.1 Fighting
 + Level 13.4 Axes
 + Level 9.3 Armour
 + Level 2.8 Dodging
 + Level 0.2 Stealth
 + Level 5.6 Shields


You had 9 spell levels left.
You didn't know any spells.
Your spell library contained the following spells:

 Spells                   Type           Power      Damage    Failure   Level
 Apportation              Tloc           0%         N/A       41%         1
 Necrotise                Necr           0%         1d4       41%         1
 Ensorcelled Hibernation  Hex/Ice        0%         N/A       54%         2
 Spider Form              Tmut/Pois      0%         N/A       77%         3
 Anguish                  Hex/Necr       0%         N/A       98%         4
 Summon Small Mammal      Summ           Unusable   N/A       N/A         1

Dungeon Overview and Level Annotations

Branches:
Dungeon (9/15)             Temple (1/1) D:7
   Lair: D:8-11         Orc: D:9-12

Altars:
Cheibriados
Dithmenos
Fedhas
Gozag
Hepliaklqana
Kikubaaqudgha
Makhleb
Nemelex Xobeh
Okawaru
Qazlal
Ru
Sif Muna
Trog
Uskayaw
Vehumet
Wu Jian
Xom
Yredelemnul
Zin
The Shining One

Shops:
D:6 =   D:7 *

Annotations:
D:9 Amaemon


Message History

Amaemon's tail lashes.
Amaemon hits you but does no damage.
You are more poisoned.
Amaemon barely misses you.
Amaemon tail-slaps you but does no damage.
The orange demon stings you but does no damage.
You closely miss Amaemon.
Amaemon is almost dead.
You slash the scorpion!
You feel very sick.
The scorpion stings you but does no damage.
Amaemon hits you but does no damage.
You are more poisoned.
Amaemon claws you but does no damage.
Amaemon tail-slaps you but does no damage.
You block the orange demon's attack.
The scorpion stings you but does no damage.
Blink to where?
Press: ? - help, Dir - move target, f - you
Okay, then.
You hit the scorpion.
The scorpion is almost dead.
You barely miss Amaemon.
* * * LOW HITPOINT WARNING * * *
You feel extremely sick.
The orange demon no longer looks unusually toxic.
Amaemon gestures at the orange demon while chanting.
The orange demon seems to grow toxic.
The orange demon stings you but does no damage.
The scorpion barely misses you.
The orange demon stings you but does no damage.
Amaemon hits you with a +1 demon whip of venom.
* * * LOW HITPOINT WARNING * * *
You are more poisoned.
Amaemon barely misses you.
Amaemon tail-slaps you but does no damage.
You closely miss the scorpion.
The scorpion is almost dead.
You hit Amaemon.
You die...

........# ##########.#
........# #..........#
........# #..........#
........# #..........#
......Y.# #..........#
........# #..........##
.......K#######...........#
......KK46@s..'............
......KK#######....(....###
........# ########.....
........# ###### #########
#.. #.# #.# #.. ###


You could see Amaemon, an orange demon (curare), a kobold brigand, a scorpion
(summoned) and 4 kobolds.

Vanquished Creatures
  2 hornets (D:8)
  5 yaks (D:9)
  A wyvern (D:8)
  2 steam dragons
  Duvessa (D:4)
  2 sky beasts
  3 orc warriors
  A black bear (D:7)
  A centaur (D:8)
  2 phantoms
  4 kobold brigands
  5 bullfrogs
  A gnoll sergeant (D:8)
  A necrophage (D:4)
  6 scorpions
  2 wights
  Dowan (D:4)
  12 killer bees (D:8)
  A howler monkey (D:8)
  2 hounds
  2 jellies (D:8)
  2 orc priests
  9 iguanas
  6 orc wizards
  Robin (D:3)
  10 gnolls
  8 adders
  A white imp (D:6)
  3 dart slugs
  29 orcs
  3 ball pythons
  4 bats
  9 endoplasms
  6 giant cockroaches
  15 goblins
  9 hobgoblins
  19 kobolds
  2 quokkas
  3 frilled lizards
  8 rats
  A spectral kobold (D:1)
205 creatures vanquished.

Vanquished Creatures (others)
  6 fungi
  A plant (D:1)
7 creatures vanquished.

Grand Total: 212 creatures vanquished

Notes
Turn   | Place    | Note
-------+----------+-------------------------------------------
     0 | D:1      | LnG the Hill Orc Fighter began the quest for the Orb.
     0 | D:1      | Reached XP level 1. HP: 19/19 MP: 1/1
   417 | D:1      | Reached XP level 2. HP: 27/27 MP: 2/2
   817 | D:1      | Reached skill level 3 in Axes
  1041 | D:1      | Found a faded altar of an unknown god.
  1049 | D:1      | Reached XP level 3. HP: 27/33 MP: 3/3
  1604 | D:2      | Reached XP level 4. HP: 39/41 MP: 4/4
  1926 | D:2      | Reached skill level 4 in Axes
  3691 | D:3      | Found a hide-covered altar of Uskayaw.
  3735 | D:3      | Noticed Robin
  3748 | D:3      | Reached XP level 5. HP: 37/47 MP: 5/5
  3754 | D:3      | Killed Robin
  5117 | D:4      | Reached skill level 5 in Axes
  5144 | D:4      | Found a shimmering blue altar of Sif Muna.
  5190 | D:4      | Reached XP level 6. HP: 46/53 MP: 6/6
  5277 | D:4      | Reached skill level 5 in Fighting
  5277 | D:4      | Reached skill level 1 in Dodging
  5445 | D:4      | Reached skill level 6 in Axes
  5542 | D:4      | Reached skill level 5 in Armour
  5542 | D:4      | Reached XP level 7. HP: 58/61 MP: 7/7
  5732 | D:4      | Noticed Dowan
  5733 | D:4      | Noticed Duvessa
  5747 | D:4      | Killed Duvessa
  5748 | D:4      | Reached skill level 7 in Axes
  5772 | D:4      | Killed Dowan
  6103 | D:5      | Entered Level 5 of the Dungeon
  6283 | D:5      | Reached skill level 8 in Axes
  6364 | D:5      | Found an iron altar of Okawaru.
  6392 | D:5      | Became a worshipper of Warmaster Okawaru
  6409 | D:5      | Reached XP level 8. HP: 69/69 MP: 8/8
  6549 | D:5      | HP: 2/70 [orc warrior/+0 flail (12)]
  6554 | D:5      | Reached skill level 9 in Axes
  7609 | D:6      | Found Wuuw's Jewellery Boutique.
  8316 | D:6      | Identified the amulet of Xaalo {Acrobat rF+ rC+ Int+7
                  | Dex-3}
  8339 | D:6      | Found a blossoming altar of Fedhas.
  8708 | D:7      | Reached * piety under Okawaru
  8719 | D:7      | Reached skill level 10 in Axes
  8719 | D:7      | Reached XP level 9. HP: 62/78 MP: 9/9
  9547 | D:7      | Found a bloodstained altar of Trog.
  9612 | D:7      | Found an opulent altar of Gozag.
  9616 | D:7      | Found Gozag's Platinum Reserve.
  9749 | D:7      | Found an ornate altar of the Wu Jian Council.
  9937 | D:6      | Bought an amulet of regeneration for 390 gold pieces
 10113 | D:7      | Found a staircase to the Ecumenical Temple.
 10146 | Temple   | Entered the Ecumenical Temple
 10237 | D:7      | Reached ** piety under Okawaru
 10238 | D:7      | Reached skill level 11 in Axes
 11026 | D:8      | Found a glowing golden altar of the Shining One.
 11028 | D:8      | Noticed an angel
 11041 | D:8      | Found a basalt altar of Yredelemnul.
 11043 | D:8      | Noticed a profane servitor
 11083 | D:8      | Identified the +8 scale mail of a bazaar {Contam Harm
                  | Will++ Regen+}
 11207 | D:8      | Noticed a hornet
 11207 | D:8      | Noticed a hornet
 11241 | D:8      | Reached skill level 12 in Axes
 11243 | D:8      | Reached skill level 5 in Shields
 11249 | D:8      | Reached *** piety under Okawaru
 11250 | D:8      | Reached XP level 10. HP: 51/88 MP: 10/10
 11252 | D:8      | Paralysed by a hornet for 2 turns
 11261 | D:8      | Reached skill level 13 in Axes
 11850 | D:8      | Found a sacrificial altar of Ru.
 12196 | D:9      | Noticed Amaemon
 12203 | D:9      | Noticed an orange demon
 12210 | D:9      | Reached **** piety under Okawaru
 12227 | D:9      | HP: 3/88 [Amaemon/+1 demon whip of venom (6)]
 12228 | D:9      | Succumbed to Amaemon's poison

Illustrated notes

Levels and vault maps discovered:
D:1:      wander_arrival_fairy_ring, layout_loops_ring,
          dreamdust_ecumenical_altar_drowned_temple
D:2:      layout_basic
D:3:      layout_loops_corners, mainiacjoe_overflow_tiny_flanked, uniq_robin
D:4:      layout_rooms, mainiacjoe_overflow_boulevard,
          nicolae_underground_beach, uniq_duvessa
D:5:      layout_rooms, mainiacjoe_overflow_cross_hatched
D:6:      layout_basic, mainiacjoe_overflow_alcove_2,
          nicolae_inconvenience_store, nicolae_eternal_life, st_stairs_10,
          water_maze_lemuel
D:7:      minmay_skewed_foursquare, layout_basic, mainiacjoe_overflow_alcove_1,
          mainiacjoe_overflow_concentric_impassable,
          nicolae_gozag_zags_fifth_avenue, minmay_crossroads
D:8:      nicolae_cairo_tiling_large, layout_gridville,
          grunt_temple_overflow_holy_war, nicolae_ru_path_of_blood,
          chequers_serial_rivers_micro_e, minmay_joined_circles
D:9:      layout_basic, uniq_amaemon
Temple:   hellmonk_temple_rainy

Skill      XL: |  1  2  3  4  5  6  7  8  9 10 |
---------------+-------------------------------+-----
Axes           | 3 4 5 6 8 10 12 13 | 13.4
Fighting       | 4 5 6 7 8 |  8.1
Armour         | 4 5 7 8 9 |  9.3
Dodging        | 1 2 |  2.8
Shields        | 4 5 |  5.6
Stealth        | |  0.2

Action                   |  1- 3 |  4- 6 |  7- 9 | 10-12 || total
-------------------------+-------+-------+-------+-------++-------
Melee: War axe           |    82 |   159 |   360 |    68 ||   669
  Use: Potion            |     2 |     3 |     1 |     1 ||     7
       Scroll            |     1 |     3 |     6 |     7 ||    17
Armor: Scale mail        |    32 |    84 |    44 |    63 ||   223
       Plate armour      |       |    13 |   203 |       ||   216
Dodge: Dodged            |    37 |    81 |   138 |    44 ||   300
Block: Buckler           |    18 |    28 |    79 |    20 ||   145

Table legend: (Time is in decaauts)
 A = Elapsed time spent in this place.
 B = Non-inter-level travel time spent in this place.
 C = Inter-level travel time spent in this place.
 D = Time resting spent in this place.
 E = Time spent auto-exploring this place.
 F = Levels seen in this place.
 G = Mean time per level.
                   A        B        C        D        E       F      G
               +--------+--------+--------+--------+--------+-----+--------+
         Total |  12350 |  12091 |    259 |   4260 |   3012 |  10 | 1235.0 |
       Dungeon |  12303 |  12044 |    259 |   4260 |   3012 |   9 | 1367.0 |
        Temple |     47 |     47 |      0 |      0 |      0 |   1 |   47.0 |
               +--------+--------+--------+--------+--------+-----+--------+

Top non-repeatable levels by time:
     D:2: 2538 daAuts
     D:6: 1616 daAuts
     D:7: 1611 daAuts
     D:3: 1449 daAuts
     D:8: 1426 daAuts
     D:1: 1202 daAuts
     D:5: 1151 daAuts
     D:4: 1088 daAuts
     D:9: 217 daAuts
  Temple: 47 daAuts
